Map: Abyssal Reef LE

Players

Kelazhur - Winner!

  • Race: Terran Terran
  • Spawn Location: 5:00

MaSa

  • Race: Terran Terran
  • Spawn Location: 11:00

Event: WCS Valencia 2017

VOD

Have the link to the VOD?

Description

Time

  • Played on: July 14, 2017, 10:15 a.m.
  • Length: 9:56

All games in this series

Show
View Real Time Build Order
Export as new Build Order

Kelazhur Terran - Winner!

Build Orders: Reaper Expand, Bio Tank, Banshee Rush 

Get SALT Encoding   

  12  0:00  SCV  
  13  0:12  SCV  
  14  0:19  Supply Depot  
  14  0:24  SCV  
  14  0:27  Refinery  
  15  0:41  SCV  
  16  0:45  Barracks  
  16  0:53  SCV  
  17  1:05  SCV  
  18  1:17  SCV  
  19  1:32  Orbital Command, Reaper  
  20  1:51  Command Center  
  20  1:57  SCV  
  20  2:00  Factory  
  21  2:07  Reaper  
  22  2:11  Supply Depot  
  22  2:14  SCV  
  23  2:20  Refinery  
  23  2:33  SCV  
  24  2:44  Hellion  
  24  2:45  SCV, Starport  
  24  2:48  Barracks Tech Lab  
  27  2:57  SCV  
  27  3:09  Hellion, SCV, Marine  
  31  3:17  Orbital Command  
  30  3:21  SCV  
  31  3:36  Orbital Command, Banshee, SCV, Cloaking Field  
  35  3:44  Widow Mine  
  35  3:47  Barracks Reactor  
  37  3:49  SCV  
  38  3:58  Refinery  
  38  4:01  SCV  
  39  4:07  SCV  
  38  4:13  SCV  
  39  4:19  SCV  
  39  4:22  Raven  
  39  4:23  Marine x2  
  46  4:28  SCV, Supply Depot  
  45  4:31  Supply Depot  
  45  4:33  SCV  
  46  4:43  Factory Tech Lab  
  46  4:46  Command Center  
  46  4:49  Marine x2  
  46  4:50  SCV x2  
  50  5:02  Siege Tank, SCV  
  50  5:04  SCV  
  49  5:07  Marine x2  
  50  5:14  SCV  
  50  5:17  SCV  
  47  5:25  Marine x2  
  47  5:26  SCV  
  50  5:29  SCV  
  50  5:34  Siege Tank  
  54  5:38  SCV  
  54  5:41  SCV  
  56  5:50  SCV  
  56  5:53  SCV  
  56  5:57  Barracks x2, Refinery  
  58  6:00  Orbital Command  
  58  6:01  Starport Reactor  
  58  6:02  SCV  
  59  6:04  Marine  
  59  6:05  Stimpack, SCV  
  59  6:08  Siege Tank  
  64  6:14  SCV  
  64  6:15  Engineering Bay  
  64  6:17  SCV  
  64  6:18  Engineering Bay  
  66  6:26  SCV  
  66  6:27  SCV  
  66  6:29  SCV  
  69  6:36  Marine  
  69  6:38  SCV  
  69  6:39  SCV  
  71  6:40  Siege Tank  
  71  6:42  SCV, Terran Infantry Weapons Level 1  
  67  6:48  Marine x2  
  67  6:50  SCV, Starport Reactor  
  67  6:51  SCV  
  67  6:53  Marine  
  67  6:54  SCV  
  68  6:57  Barracks x2  
  68  7:02  Terran Infantry Armor Level 1, SCV, Marine x2  
  68  7:03  SCV  
  68  7:04  Supply Depot  
  68  7:06  SCV, Refinery  
  68  7:07  Marine  
  68  7:08  Marine  
  75  7:11  Marine  
  75  7:14  SCV  
  77  7:22  Supply Depot  
  77  7:25  Siege Tank, Marine x3, SCV x2  
  77  7:27  Supply Depot x2  
  77  7:29  SCV, Armory  
  86  7:33  Medivac x2  
  89  7:39  SCV x2, Marine x2  
  93  7:44  Marine, SCV  
  93  7:45  Barracks Reactor x2  
  93  7:49  Supply Depot  
  95  7:52  Marine x2  
  95  7:56  SCV  
  95  7:57  SCV, Supply Depot  
  95  7:58  SCV  
  100  8:02  Marine  
  100  8:03  Marine  
  102  8:06  Combat Shields  
  102  8:08  Siege Tank  
  102  8:11  SCV  
  102  8:12  Medivac x2  
  110  8:14  Supply Depot  
  110  8:15  SCV x2  
  110  8:22  Marine x2  
  110  8:23  Marine x6  
  118  8:29  Sensor Tower  
  115  8:34  Marine  
  115  8:35  Sensor Tower  
  115  8:40  Siege Tank, Marine x3  
  122  8:45  Marine  
  122  8:46  Marine  
  124  8:49  Marine  
  124  8:50  Factory  
  124  8:54  Marine x3  
  128  8:58  Marine  
  128  8:59  Supply Depot  
  129  9:07  Marine x4  
  133  9:15  Supply Depot  
  133  9:16  SCV, Marine x4, Missile Turret  
  133  9:17  Refinery, Supply Depot x2  
  138  9:20  Siege Tank  
  138  9:21  Marine  
  142  9:24  Medivac  
  142  9:25  Marine  
  142  9:36  Marine  
  142  9:37  Marine  
Show
View Real Time Build Order
Export as new Build Order

MaSa Terran 

Build Orders: MMM Bio 

Get SALT Encoding   

  12  0:00  SCV  
  13  0:12  SCV  
  14  0:17  Supply Depot  
  14  0:25  SCV  
  15  0:39  SCV  
  15  0:40  Barracks  
  16  0:45  Refinery  
  16  0:51  SCV  
  17  1:03  SCV  
  17  1:04  Barracks  
  18  1:15  SCV  
  19  1:28  Orbital Command  
  19  1:33  Reaper  
  19  1:36  Supply Depot  
  20  1:51  Reaper  
  22  1:54  SCV  
  22  2:06  SCV  
  23  2:10  Reaper  
  24  2:16  Command Center  
  24  2:18  SCV  
  25  2:22  Refinery  
  25  2:28  Barracks Reactor  
  25  2:31  SCV  
  26  2:44  SCV  
  26  2:47  Barracks Tech Lab  
  27  2:57  SCV  
  28  3:09  SCV  
  28  3:14  Marine x2  
  28  3:15  Stimpack, Marine  
  31  3:23  Factory  
  31  3:28  SCV  
  31  3:29  SCV  
  31  3:32  Marine x3  
  36  3:40  SCV  
  37  3:41  Orbital Command  
  37  3:50  Marine x3  
  37  3:52  SCV  
  41  4:04  SCV  
  41  4:08  SCV, Marine x2  
  44  4:12  Marine  
  44  4:13  Starport, Factory Reactor  
  44  4:16  SCV  
  45  4:18  Engineering Bay  
  45  4:20  SCV  
  46  4:28  Supply Depot  
  46  4:41  SCV  
  46  4:46  Command Center  
  46  4:49  Marine x2, Missile Turret x2  
  46  4:50  SCV  
  49  4:53  Marine  
  49  4:54  SCV  
  47  5:02  SCV  
  47  5:06  SCV  
  48  5:07  Marine x2  
  47  5:14  SCV  
  47  5:20  Marine  
  41  5:21  Viking  
  41  5:22  Medivac  
  41  5:23  SCV  
  41  5:25  Marine  
  41  5:26  SCV  
  46  5:29  Marine  
  46  5:31  Factory Tech Lab  
  45  5:38  Marine  
  45  5:40  SCV  
  45  5:41  SCV  
  47  5:43  Marine  
  47  5:45  Combat Shields  
  47  5:47  Marine  
  48  5:50  Terran Infantry Weapons Level 1  
  48  5:52  SCV  
  48  5:56  Marine  
  50  5:57  Siege Tank  
  50  5:59  SCV  
  54  6:05  Supply Depot  
  54  6:08  Refinery x2  
  54  6:15  Marine x2, SCV x2, Supply Depot  
  54  6:17  Marine  
  59  6:19  Medivac  
  59  6:27  SCV  
  59  6:32  Siege Tank  
  61  6:33  Marine x2  
  61  6:34  Marine  
  61  6:37  SCV  
  63  6:43  SCV  
  58  6:47  SCV  
  58  6:49  SCV  
  58  6:51  Marine x2, Medivac  
  58  6:52  Marine  
  63  6:55  SCV  
  63  7:00  Barracks  
  64  7:02  Orbital Command  
  64  7:04  SCV  
  64  7:08  Siege Tank  
  68  7:09  Marine x2, SCV  
  71  7:16  SCV  
  72  7:23  Barracks Reactor  
  72  7:24  Barracks  
  72  7:25  Barracks  
  72  7:26  SCV  
  73  7:30  SCV  
  73  7:33  Marine x2  
  73  7:35  Medivac x2  
  81  7:41  SCV  
  81  7:42  SCV  
  82  7:46  Terran Infantry Armor Level 1  
  82  7:48  Orbital Command  
  82  7:50  Barracks Reactor  
  82  7:51  Barracks Reactor, Supply Depot  
  82  7:52  Siege Tank  
  82  7:53  SCV  
  82  7:54  SCV  
  87  8:00  Refinery  
  87  8:05  SCV  
  87  8:06  Marine x2  
  87  8:07  SCV  
  90  8:13  Supply Depot x2  
  90  8:14  Supply Depot  
  90  8:17  SCV  
  90  8:19  SCV  
  92  8:22  Barracks Reactor  
  92  8:23  Barracks Reactor, SCV, Marine  
  92  8:25  Medivac x2  
  98  8:29  SCV  
  98  8:31  SCV  
  98  8:32  Marine x4  
  97  8:35  Marine, SCV  
  97  8:41  Siege Tank, Marine, SCV  
  102  8:43  SCV  
  102  8:47  Factory  
  105  8:48  Refinery  
  105  8:50  Marine x2  
  105  8:51  Sensor Tower  
  107  8:56  SCV  
  107  8:57  SCV, Marine  
  107  8:58  Marine  
  107  8:59  Sensor Tower  
  107  9:02  Marine x5  
  114  9:07  Supply Depot  
  116  9:11  Marine x3  
  116  9:13  Supply Depot  
  116  9:15  Marine x2  
  116  9:16  Siege Tank  
  124  9:22  SCV  
  124  9:23  Armory  
  125  9:28  SCV  
  116  9:32  Marine x3  
  116  9:35  Marine x3  
  116  9:37  Marine x2  
Tags
 
Add a new tag
Caveats
  • Supply blocks, unpowered buildings, or Contaminate may cause inaccurate times.
  • Supply counts are checked every 10 seconds.